 Dungeon Crawl Stone Soup version 0.19-a0-503-g45a6586 (webtiles) character file.

41 Duffy the Skirmisher (level 3, -3/34 HPs)
             Began as a Naga Fighter on June 5, 2016.
             Slain by Sigmund
             ... wielding a +0 scythe
              (5 damage)
             ... on level 2 of the Dungeon.
             The game lasted 00:00:54 (499 turns).

Duffy the Skirmisher (Naga Fighter)                  Turns: 499, Time: 00:00:55

Health: -3/34      AC:  4    Str: 24    XL:     3   Next: 52%
Magic:  3/3        EV:  5    Int:  8    God:
Gold:   12         SH:  9    Dex: 13    Spells: 0 memorised, 2 levels left

rFire  . . .     SeeInvis +     a - +0 flail
rCold  . . .     Gourm    .     b - +0 scale mail
rNeg   . . .     Faith    .     c - +0 shield
rPois  +         Spirit   .     (no helmet)
rElec  .         Dismiss  .     (no cloak)
rCorr  .         Reflect  .     (no gloves)
SustAt .         Harm     .     (no barding)
MR     .....                    (no amulet)
Stlth  ..........               (no ring)
                                e - +3 ring of dexterity

@: mighty, very slightly contaminated, invisible, very slow, not resistant to
hostile enchantments, extremely unstealthy
A: see invisible, deformed body, poison resistance, slowness 2, slow metabolism
1, spit poison 2, AC +1
a: Spit Poison


You were on level 2 of the Dungeon.
You were not hungry.

You visited 1 branch of the dungeon, and saw 2 of its levels.

You collected 12 gold pieces.


Innate Abilities, Weirdness & Mutations

You cannot wear boots.
Your serpentine skin is tough. (AC +1)
You have supernaturally acute eyesight. (SInv)
Armour fits poorly on your strangely shaped body.
Your system is resistant to poisons. (rPois)
You cover ground very slowly.
You have a slow metabolism.
You can spit poison.


   Skills:
 - Level 3.0 Fighting
 + Level 3.0 Maces & Flails
 - Level 2.4 Armour
 + Level 3.0 Shields


You had 2 spell levels left.
You didn't know any spells.

Inventory:

Hand Weapons
 a - a +0 flail (weapon)
Armour
 b - a +0 scale mail (worn)
 c - a +0 shield (worn)
Jewellery
 e - a +3 ring of dexterity (left hand)
Scrolls
 h - a scroll of random uselessness {unknown}
 i - a scroll of immolation {unknown}
 j - a scroll of identify {unknown}
Comestibles
 f - 2 bread rations
 g - a meat ration

Dungeon Overview and Level Annotations

Branches:
Dungeon (2/15)

Altars:

Annotations:
D:2 Sigmund


Message History

The worm bites you.
You hit the worm.
The worm is severely wounded.
The worm bites you.
You hit the worm.
The worm is severely wounded.
You have got your breath back.
Use which ability? (? or * to list)
Press: ? - help, Shift-Dir - straight line, f/p - worm
Aim: a worm (severely wounded)
The splash of poison hits the worm.
The worm appears unharmed.
The worm is severely wounded.
You feel slightly more hungry. The worm bites you!
You hit the worm.
The worm is almost dead.
The worm bites you.
You hit the worm.
You kill the worm!
You have got your breath back.
Sigmund the Dreaded comes into view.
He is wielding a scythe.
Sigmund shouts!
Sigmund gestures at you while chanting. The magic dart hits you!
Found 14 poisoned needles.
Sigmund is nearby!
Okay, then.
It was a potion of invisibility.
You fade into invisibility!
Sigmund hits you from afar with a scythe.
You are very lightly contaminated with residual magic.
Use which ability? (? or * to list)
Press: ? - help, Shift-Dir - straight line, f - Sigmund
Aim: Sigmund, wielding a scythe and wearing a robe The splash of poison hits Sigmund.
Sigmund appears unharmed.
You feel slightly more hungry. Sigmund gestures at you while chanting.
The puff of flame hits you!
You feel very mighty all of a sudden. Sigmund barely misses you.
A kobold comes into view. It is wielding a dagger.
You closely miss Sigmund. Sigmund hits you with a scythe.
You thump Sigmund!
Sigmund is moderately wounded.
You have got your breath back.
The kobold shouts!
Sigmund hits you with a scythe.
You hit Sigmund.
Sigmund is moderately wounded.
The kobold barely misses you. Sigmund hits you with a scythe.
You die...

.....( #...@#
#....# .. ###....#
#..#. ...%..+
#....# .....#
#.##.#####....#
#.......##....#
###.....@@....#
#......K....#
+.......#+######
####..[...........#
#..'..........!...#
#.##..............#
#.#...##.....%....#
#.#.####......$...#
.
#.................#


You could see Sigmund and a kobold.

Action                   || total
-------------------------++-------
Melee: Flail             ||    33
 Abil: Spit Poison       ||    14
  Use: Potion            ||     2
Armor: Scale mail        ||    14
Dodge: Dodged            ||     7
Block: Shield            ||    13

Notes
Turn   | Place    | Note
--------------------------------------------------------------
     0 | D:1      | Duffy the Naga Fighter began the quest for the Orb.
     0 | D:1      | Reached XP level 1. HP: 21/21 MP: 1/1
   379 | D:2      | Reached XP level 2. HP: 28/28 MP: 2/2
   384 | D:2      | Noticed Ijyb
   451 | D:2      | Killed Ijyb
   451 | D:2      | Reached skill level 3 in Shields
   451 | D:2      | Reached XP level 3. HP: 33/34 MP: 3/3
   474 | D:2      | Reached skill level 3 in Maces & Flails
   485 | D:2      | Noticed Sigmund
   499 | D:2      | Slain by Sigmund

Skill      XL: |  1  2  3 |
---------------+----------+-----
Shields        | 3 |  3.0
Maces & Flails | 3 |  3.0
Fighting       | |  3.0
Armour         | |  2.4

Vault maps used:
D:1:      saegor_arrival_miasma, st_stairs_14
D:2:      ecumenical_altar_2, uniq_iyjb, uniq_sigmund

Vanquished Creatures
  Ijyb
  A worm
  A dart slug
  A bat
  A goblin
  A hobgoblin
  3 giant newts
  2 kobolds
  3 rats
14 creatures vanquished.
